cohdb
Replays
Latest Replays
All Replays
Popular Replays
Top Player Replays
Match Explorer
How It Works
Community
CoH3 Stats
Reddit
Sign in to upload your games and track your stats! →
Sign in with Steam
Match 41126414
Unlisted
Match 41126414
Overview
Messages
Build Orders
End
Kradschützen Motorcycle Team
250 Light Carrier
Selects Armored Support Battlegroup
Panzerpioneer Squad
250 Light Carrier
Construct Light Support Kompanie
Selects Salvage Kits
Combat Half-tracks
Assault Grenadier Squad
Panzerjäger Squad
250 Light Carrier
Construct Mechanized Kompanie
Assault Mechanized Group
Vehicle Survival Package
Construct Panzerarmee Kommand
Selects Veteran Gunners
Panzer III L Medium Tank
Selects Panzer Storm
Rapid Advance
Panzer III L Medium Tank
Panzer III L Medium Tank
Selects Flammpanzer III Medium Tank
Advanced Field Repairs
Panzer III L Medium Tank
Panzer Storm
Flammpanzer III Medium Tank
Selects Stuka Anti-tank Loiter
Tungsten Core Ammunition
Stuka Anti-tank Loiter
Panzer III L Medium Tank
Panzer III L Medium Tank
Flammpanzer III Medium Tank
Selects Battlefield Salvage
Support Armor Elements
18-tonne Recovery Half-track
Armored Reserves
Emergency Repair Kits
Tiger Heavy Tank
Panzer Storm
Battlefield Salvage
Flammpanzer III Medium Tank
Lorenheim von Erschöpft
Sabom
Darius Pelado
Valdai
creenlaccwes
LittleBirde
Halghery
sky63795
0
0
Comments
sign in to comment!
No comments posted yet!